 Dungeon Crawl Stone Soup version 0.30.1-3-gfc49f6343a (webtiles) character file.

Game seed: 1740486406807076947

8041 boopmooplesden the Basher (level 11, -13/83 HPs)
             Began as a Demonspawn Gladiator on Aug 3, 2023.
             Was an Elder of Trog.
             Mangled by a centaur warrior simulacrum (23 damage)
             ... on level 11 of the Dungeon.
             The game lasted 00:14:46 (8226 turns).

boopmooplesden the Basher (Demonspawn Gladiator)    Turns: 8226, Time: 00:14:48

Health: -13/83     AC: 12    Str: 18    XL:     11   Next: 4%
Magic:  11/11      EV: 16    Int: 14    God:    Trog [****..]
Gold:   336        SH: 10    Dex: 15    Spells: 10/10 levels left

rFire   . . .        m - +7 mace of Extinguishment {heavy, *Corrode Int+4}
rCold   . . .        C - +0 kite shield
rNeg    + . .        k - +0 scale mail
rPois   .            c - +0 helmet
rElec   .            (no cloak)
rCorr   .            (no gloves)
SInv    .            (no boots)
Will    .....        (no amulet)
Stlth   +            y - +5 ring of evasion
HPRegen 2.33/turn    o - ring of positive energy
MPRegen 0.12/turn

%: corrode self (3%)
@: no status effects
A: hooves 2, slimy green scales 1, powered by death 2, spiny 2, shaggy fur 1
a: Renounce Religion, Berserk, Trog's Hand, Brothers in Arms


You were on level 11 of the Dungeon.
You worshipped Trog.
Trog was greatly pleased with you.
You visited 2 branches of the dungeon, and saw 12 of its levels.

You collected 552 gold pieces.
You spent 216 gold pieces at shops.

Inventory:

Hand Weapons
 a - a +1 quarterstaff of protection
 m - the +7 mace of Extinguishment (weapon) {heavy, *Corrode Int+4}
   (You found it on level 2 of the Dungeon)

   Int:       It affects your intelligence (+4).
   *Corrode:  It may corrode you when you take damage.
 K - the +6 mace of Ignis's Inspiration {elec, Fly MP+9 Stlth+}
   (You bought it in a shop on level 6 of the Dungeon)

   MP:        It affects your magic capacity (+9).
   Fly:       It grants you flight.
   Stlth:     It makes you more stealthy.
 L - a +1 whip of distortion
 M - the +1 whip "Mist" {freeze, Drain Str+3 Int+2 Stlth+}
   (You found it on level 3 of the Dungeon)

   Str:       It affects your strength (+3).
   Int:       It affects your intelligence (+2).
   Drain:     It drains your maximum health when unequipped.
   Stlth:     It makes you more stealthy.
 N - a +6 mace
Missiles
 d - 6 throwing nets (quivered)
 e - 5 javelins
Armour
 b - a +0 leather armour
 c - a +0 helmet (worn)
 k - a +0 scale mail (worn)
 C - a +0 kite shield (worn)
Jewellery
 i - a ring of magical power
 l - a ring of magical power
 o - a ring of positive energy (right hand)
 y - a +5 ring of evasion (left hand)
 z - a ring of protection from cold
 F - a +6 ring of intelligence
Wands
 w - a wand of iceblast (13)
 H - a wand of flame (19)
Scrolls
 j - 3 scrolls of fog
 n - a scroll of silence
 p - 3 scrolls of identify
 v - a scroll of magic mapping
 B - 2 scrolls of teleportation
 E - a scroll of fear
 I - a scroll of torment
 J - a scroll of enchant weapon
Potions
 f - 2 potions of flight
 g - 2 potions of ambrosia {unknown}
 h - a potion of magic {unknown}
 q - a potion of berserk rage
 r - a potion of haste
 s - 2 potions of lignification {unknown}
 t - 3 potions of attraction
 u - 3 potions of curing {unknown}
 x - a potion of cancellation {unknown}
 A - 2 potions of heal wounds {unknown}
 D - a potion of might
 G - a potion of degeneration {unknown}


   Skills:
 + Level 6.8 Fighting
 + Level 9.2(9.5) Maces & Flails
 + Level 3.4(6.8) Staves
 + Level 2.0 Throwing
 + Level 7.3 Armour
 + Level 5.7 Dodging
 + Level 2.1 Stealth
 + Level 5.6 Shields


You had 10 spell levels left.
You didn't know any spells.
Your spell library contained the following spells:

 Spells                   Type           Power      Damage    Failure   Level
 Magic Dart               Conj           0%         1d3       89%         1
 Call Imp                 Summ           0%         N/A       96%         2
 Mephitic Cloud           Conj/Pois/Air  0%         N/A       99%         3


Dungeon Overview and Level Annotations

Branches:
Dungeon (11/15)            Temple (1/1) D:4
   Lair: D:8-11         Orc: D:9-12

Altars:
Ashenzari
Cheibriados
Dithmenos
Fedhas
Gozag
Hepliaklqana
Kikubaaqudgha
Makhleb
Nemelex Xobeh
Okawaru
Qazlal
Ru
Sif Muna
Trog
Uskayaw
Vehumet
Wu Jian
Xom
Yredelemnul

Shops:
D:6 *

Portals:
Abyss: D:3

Annotations:
D:4 Blork the orc


Innate Abilities, Weirdness & Mutations

You have hoof-like feet.
You are partially covered in slimy green scales. (AC +2)
You regenerate health from kills.
You are mostly covered in sharp spines.
You are covered in fur. (AC +1)


Message History

There is a stone staircase leading up here.
You hit the orc but do no damage. You kick the orc, but do no damage.
The orc hits you with a +0 club.
* * * LOW HITPOINT WARNING * * *
The shadow slips into darkness.
The shadow flickers and vanishes!
Deactivating autopickup; reactivate with Ctrl-A.
The orc is struck by your spines. The orc hits you but does no damage.
You closely miss the orc. Your kick misses the orc.
The orc is heavily wounded.
The shadow strikes at you from the darkness!
* * * LOW HITPOINT WARNING * * *
Reactivating autopickup.
The orc is struck by your spines.
You kill the orc!
Trog accepts your kill. You block the shadow's attack.
A centaur warrior simulacrum comes into view.
The shadow is struck by your spines. The shadow hits you.
Things that are here:
a +0 club; a +0 leather armour; 26 gold pieces You block the shadow's attack.
You thump the shadow!
You destroy the shadow!
Trog accepts your kill.
A wraith comes into view.
You block the centaur warrior simulacrum's attack. x2
The centaur warrior simulacrum barely misses you.
The centaur warrior simulacrum closely misses you.
The centaur warrior simulacrum attacks as you move away!
The centaur warrior simulacrum hits you but does no damage.
The centaur warrior simulacrum kicks you but does no damage.
The centaur warrior simulacrum attacks as you move away!
The centaur warrior simulacrum hits you.
The centaur warrior simulacrum freezes you!
* * * LOW HITPOINT WARNING * * *
The centaur warrior simulacrum kicks you.
* * * LOW HITPOINT WARNING * * *
The centaur warrior simulacrum freezes you!!
You die...

#.......
#......W ####
....... ...#
#.#..##... #
#.....#.# ###
.#.#.!.....#....
....(...<.......
.......ZY.......
..##....@.......
#####........
.####.... .#
#### .# .# .# ..


You could see a yak and a centaur warrior simulacrum.

Vanquished Creatures
  A two-headed ogre (D:10)
  Maggie (D:9)
  A troll (D:10)
  Grinder (D:6)
  A hornet (D:8)
  Sigmund (D:6)
  A shadow (D:11)
  5 yaks (D:9)
  4 wyverns
  A steam dragon (D:7)
  An acid dragon (D:10)
  4 water moccasins
  3 black bears
  2 ice beasts
  4 orc warriors
  2 sky beasts
  5 ogres
  3 wolves (D:10)
  The ghost of sampeng1 the Conjurer, an amateur HuRe (D:3)
  3 centaurs
  A small abomination (D:3)
  4 bullfrogs
  3 kobold brigands
  2 scorpions
  2 gnoll sergeants
  8 wights
  3 killer bees (D:9)
  2 howler monkeys
  A quasit (D:3)
  2 hounds (D:4)
  4 orc priests
  A sleepcap (D:8)
  2 gnoll boudas
  5 iguanas
  6 orc wizards
  17 gnolls
  2 adders
  2 shadow imps
  A white imp (D:3)
  An ufetubus (D:3)
  A worm (D:3)
  3 dart slugs
  39 orcs
  9 ball pythons
  6 endoplasms
  4 giant cockroaches
  9 goblins
  2 hobgoblins
  4 jackals (D:5)
  23 kobolds
  6 quokkas
  4 bats
  3 frilled lizards (D:2)
  5 rats
  A spectral orc (D:8)
  A butterfly (D:4)
234 creatures vanquished.

Notes
Turn   | Place    | Note
-------+----------+-------------------------------------------
     0 | D:1      | boopmooplesden the Demonspawn Gladiator began the quest for
                  | the Orb.
     0 | D:1      | Reached XP level 1. HP: 16/16 MP: 1/1
   346 | D:1      | Found a faded altar of an unknown god.
   359 | D:1      | Gained mutation: You are partially covered in sharp spines.
                  | [demonic ancestry]
   359 | D:1      | Reached XP level 2. HP: 22/22 MP: 2/2
   950 | D:2      | Identified the +7 mace of Extinguishment {heavy, *Corrode
                  | Int+4}
  1293 | D:2      | Reached XP level 3. HP: 25/27 MP: 3/3
  1750 | D:3      | Found a transporter.
  1830 | D:3      | Reached skill level 1 in Maces & Flails
  1830 | D:3      | Reached skill level 1 in Armour
  1830 | D:3      | Gained mutation: You are partially covered in slimy green
                  | scales. (AC +2) [demonic ancestry]
  1830 | D:3      | Reached XP level 4. HP: 25/33 MP: 4/4
  1900 | D:3      | Reached skill level 1 in Stealth
  2000 | D:4      | Gained mutation: You are covered in fur. (AC +1) [potion of
                  | mutation]
  2000 | D:4      | Gained mutation: You have large cloven feet. [potion of
                  | mutation]
  2005 | D:4      | Reached skill level 2 in Maces & Flails
  2005 | D:4      | Gained mutation: You regenerate a little health from kills.
                  | [demonic ancestry]
  2005 | D:4      | Reached XP level 5. HP: 8/39 MP: 5/5
  2246 | D:3      | Found a transporter.
  2246 | D:3      | Noticed sampeng1's ghost (amateur HuRe)
  2311 | D:3      | Found a one-way gate to the infinite horrors of the Abyss.
  2342 | D:3      | Found a shimmering altar of Xom.
  2444 | D:4      | Found a staircase to the Ecumenical Temple.
  2449 | Temple   | Entered the Ecumenical Temple
  2454 | Temple   | Became a worshipper of Trog the Wrathful
  2546 | D:4      | Reached skill level 3 in Maces & Flails
  2743 | D:4      | Mutation became permanent: You have large cloven feet.
                  | [demonic ancestry]
  2743 | D:4      | Gained mutation: You have large cloven feet. [demonic
                  | ancestry]
  2743 | D:4      | Reached XP level 6. HP: 42/46 MP: 6/6
  2988 | D:4      | Noticed a sky beast
  2995 | D:4      | Killed a sky beast
  3124 | D:4      | Noticed Blork the orc
  3131 | D:4      | Found a shimmering blue altar of Sif Muna.
  3166 | D:4      | Found a sparkling altar of Nemelex Xobeh.
  3288 | D:4      | Reached skill level 4 in Maces & Flails
  3288 | D:4      | Gained mutation: You are mostly covered in sharp spines.
                  | [demonic ancestry]
  3288 | D:4      | Reached XP level 7. HP: 17/52 MP: 7/7
  3395 | D:5      | Entered Level 5 of the Dungeon
  3415 | D:5      | Found an iron altar of Okawaru.
  3526 | D:5      | Reached * piety under Trog
  3822 | D:5      | Found a blossoming altar of Fedhas.
  3838 | D:5      | Found a radiant altar of Vehumet.
  3950 | D:5      | Reached skill level 5 in Maces & Flails
  4320 | D:5      | Gained mutation: You regenerate health from kills. [demonic
                  | ancestry]
  4320 | D:5      | Reached XP level 8. HP: 52/58 MP: 8/8
  4383 | D:6      | You fall into a shaft and drop 3 floors!
  4523 | D:8      | Found an ancient bone altar of Kikubaaqudgha.
  4532 | D:8      | Noticed a hornet
  4538 | D:8      | Reached skill level 6 in Maces & Flails
  4548 | D:8      | Reached skill level 5 in Armour
  4595 | D:8      | Killed a hornet
  4596 | D:8      | Reached skill level 1 in Shields
  4669 | D:8      | Gained mutation: You have hoof-like feet. [demonic
                  | ancestry]
  4669 | D:8      | Reached XP level 9. HP: 66/66 MP: 9/9
  4794 | D:8      | Found a basalt altar of Yredelemnul.
  5205 | D:8      | Reached skill level 5 in Fighting
  5207 | D:8      | Reached ** piety under Trog
  5253 | D:8      | Found a hazy altar of Hepliaklqana.
  5262 | D:8      | Found a sacrificial altar of Ru.
  5403 | D:7      | Found a broken altar of Ashenzari.
  5455 | D:7      | Reached skill level 7 in Maces & Flails
  5679 | D:7      | Found an opulent altar of Gozag.
  5975 | D:6      | Noticed Grinder
  5985 | D:6      | Killed Grinder
  6004 | D:6      | Found a snail-covered altar of Cheibriados.
  6069 | D:6      | Reached *** piety under Trog
  6123 | D:6      | Found Poplec's Assorted Antiques.
  6205 | D:6      | Bought a steaming mace for 216 gold pieces
  6205 | D:6      | Identified the +6 mace of Ignis's Inspiration {elec, Fly
                  | MP+9 Stlth+} (You bought it in a shop on level 6 of the
                  | Dungeon)
  6437 | D:6      | Noticed Sigmund
  6449 | D:6      | Killed Sigmund
  6450 | D:6      | Reached skill level 8 in Maces & Flails
  6650 | D:6      | Reached XP level 10. HP: 76/76 MP: 10/10
  6965 | D:9      | Noticed Maggie
  6977 | D:9      | Killed Maggie
  7061 | D:9      | Found a burning altar of Makhleb.
  7082 | D:9      | Reached skill level 5 in Dodging
  7678 | D:3      | Killed sampeng1's ghost
  7703 | D:3      | Identified the +1 whip "Mist" {freeze, Drain Str+3 Int+2
                  | Stlth+}
  7887 | D:10     | Entered Level 10 of the Dungeon
  8039 | D:10     | Reached skill level 5 in Shields
  8043 | D:10     | Reached skill level 9 in Maces & Flails
  8049 | D:10     | Noticed a two-headed ogre
  8052 | D:10     | Reached **** piety under Trog
  8056 | D:10     | Killed a two-headed ogre
  8067 | D:10     | Reached XP level 11. HP: 54/83 MP: 11/11
  8226 | D:11     | Mangled by a centaur warrior simulacrum

Illustrated notes

Levels and vault maps discovered:
D:1:      ebering_trefoil_3fold, layout_loops_corners,
          ebering_ecumenical_altar_petrified, solitary_fountain
D:2:      layout_basic, basic_altar, minmay_fountain_box,
          wander_ebering_terrifying_dragon_lair
D:3:      layout_rooms, mainiacjoe_overflow_surrounded_room,
          gammafunk_ghost_abyssal_escape
D:4:      layout_loops_corners, tgw_sif, nemelex_diamond_rough_becter,
          minmay_temple_entry_butterflies
D:5:      layout_gridville, mainiacjoe_overflow_concentric_impassable,
          old_standard_altar, mainiacjoe_overflow_paths, nicolae_grassy_gnolls
D:6:      layout_basic, mainiacjoe_overflow_catwalk, serial_shops,
          nicolae_shop_waterfront, nicolae_ossuary_entry_plus, uniq_grinder,
          uniq_sigmund
D:7:      layout_cave_pools, nicolae_gozag_cash_rules_everything_around_me,
          evilmike_ruin_ashenzari, minmay_microvault
D:8:      layout_loops_ring, lemuel_tele_altar,
          yredelemnul_forgotten_temple_becter, minmay_overflow_temple_star_quad,
          enter_bailey_5, serial_bayou_pond_a, grunt_ministairs_10
D:9:      layout_roguey, mainiacjoe_overflow_alcove_2,
          mainiacjoe_overflow_chevrons, uniq_maggie
D:10:     layout_cave_pools, minmay_lair_entry_grove, lightli_minifort
D:11:     minmay_ornate_pinched, layout_basic, serial_ice, serial_ice_h,
          serial_ice_k, serial_ice_d, serial_ice_c, serial_ice_m, serial_ice_f,
          serial_ice_o, serial_ice_n, minivault_16, kennysheep_nub,
          uniq_josephine
Temple:   hellmonk_temple_micro_hex

Skill      XL: |  1  2  3  4  5  6  7  8  9 10 |
---------------+-------------------------------+-----
Staves         | 3 |  3.4
Dodging        | 3 4 5 |  5.7
Maces & Flails | 1 2 3 4 5 6 8 9 |  9.2
Armour         | 1 2 3 4 5 6 7 |  7.3
Stealth        | 1 2 |  2.1
Fighting       | 3 4 5 6 |  6.8
Throwing       | 2 |  2.0
Shields        | 1 3 5 |  5.6

Action                     |  1- 3 |  4- 6 |  7- 9 | 10-12 || total
---------------------------+-------+-------+-------+-------++-------
  Melee: Quarterstaff      |    37 |       |       |       ||    37
         Mace              |    30 |    63 |   168 |   108 ||   369
         Kick              |       |     7 |    47 |    42 ||    96
         Punch             |       |       |     1 |       ||     1
  Throw: Throwing net      |       |       |     1 |       ||     1
 Invoke: Berserk           |       |       |     1 |     1 ||     2
    Use: Scroll            |     5 |     3 |     5 |     1 ||    14
         Potion            |       |     3 |       |       ||     3
   Stab: Sleeping          |     2 |       |       |       ||     2
 Armour: Leather armour    |     6 |       |       |       ||     6
         Scale mail        |    32 |    51 |    79 |    43 ||   205
  Dodge: Dodged            |    44 |    43 |   152 |    81 ||   320
  Block: Kite shield       |       |       |   102 |    92 ||   194
